 Dungeon Crawl Stone Soup version 0.31-a0-325-g067879e3d3 (webtiles) character file.

Game seed: 6553065816288799420

679 MacCMillion the Trooper (level 7, -1/79 HPs)
             Began as an Ogre Shapeshifter on July 18, 2023.
             Slain by a river rat (7 damage)
             ... summoned by Eustachio
             ... on level 5 of the Dungeon.
             The game lasted 00:10:16 (4948 turns).

MacCMillion the Trooper (Ogre Shapeshifter)         Turns: 4948, Time: 00:10:16

Health: -1/79      AC:  3    Str: 22    XL:     7   Next: 60%
Magic:  7/7        EV:  9    Int:  9    God:
Gold:   215        SH:  0    Dex:  9    Spells: 6/6 levels left

rFire   . .          .
                       - Unarmed
rCold   . . .        (no shield)
rNeg    . . .        a - +0 animal skin
rPois   .            (helmet currently unavailable)
rElec   .            (cloak currently unavailable)
rCorr   .            (gloves unavailable)
SInv    .            (boots unavailable)
Will    +....        (no amulet)
Stlth   +            (no ring)
HPRegen 0.33/turn    (no ring)
MPRegen 0.10/turn

%: no passive effects
@: beast-form, enlightened, flying
A: beast (slay +2), large, unfitting armour, tough skin 1
a: Begin Untransformation


You were on level 5 of the Dungeon.
You were a hulking beast.
You visited 1 branch of the dungeon, and saw 5 of its levels.

You collected 215 gold pieces.

Inventory:

Missiles
 h - 2 throwing nets
 o - 17 poisoned darts
 p - 2 silver boomerangs
 s - a curare-tipped dart
 t - 2 javelins
Armour
 a - a +0 animal skin (worn)
Talismans
 c - a beast talisman
Wands
 k - a wand of paralysis (8)
Scrolls
 d - 6 scrolls of identify {unknown}
 j - a scroll of revelation {unknown}
 n - a scroll of fog {unknown}
Potions
 b - a potion of lignification
 g - a potion of magic {unknown}
 i - a potion of brilliance {unknown}
 l - a potion of curing {unknown}
 m - a potion of resistance {unknown}
 q - a potion of heal wounds {unknown}
 r - a potion of cancellation {unknown}


   Skills:
 + Level 7.9 Fighting
 - Level 1.7 Dodging
 + Level 5.4 Unarmed Combat
 - Level 3.0 Shapeshifting


You had 6 spell levels left.
You didn't know any spells.
Your spell library contained the following spells:

 Spells                   Type           Power      Damage    Failure   Level
 Magic Dart               Conj           0%         1d3       38%         1
 Searing Ray              Conj           0%         2d4       52%         2
 Fulminant Prism          Conj/Hex       0%         3d5       99%         4


Dungeon Overview and Level Annotations

Branches:
Dungeon (5/15)
 Temple: D:4-7

Altars:
Fedhas
Makhleb
Qazlal
Sif Muna
Zin

Annotations:
D:3 Ijyb
D:5 Eustachio


Innate Abilities, Weirdness & Mutations

You are a hulking beast.
Your limbs bulge with bestial killing power. (Slay +2)
You are too large for most types of armour.
You have tough skin. (AC +1)


Message History

The quokka bites you.
The shadow imp hits you but does no damage.
You hit the shadow imp.
The shadow imp is almost dead.
The quokka closely misses you. The river rat bites you!
The shadow imp hits you.
Eustachio mumbles some strange words.
Eustachio blinks!
The quokka bites you.
* * * LOW HITPOINT WARNING * * *
You punch the shadow imp!
You kill the shadow imp!
The shadow imp disappears in a puff of smoke!
The river rat bites you.
* * * LOW HITPOINT WARNING * * *
The quokka barely misses you.
You open the door. The ufetubus barely misses you.
The ufetubus hits you but does no damage.
The river rat bites you!
* * * LOW HITPOINT WARNING * * *
The quokka barely misses you. The ufetubus hits you.
* * * LOW HITPOINT WARNING * * *
The ufetubus hits you but does no damage.
The river rat attacks as you move away! The river rat closely misses you.
The ufetubus attacks as you move away! The ufetubus barely misses you. x2
There is an open door here.
As you read the scroll labelled XUF QI WIOR, it crumbles to dust.
You hear a loud clanging noise!
It was a scroll of noise.
You hear a bark!
You hear a shout! x4
The ufetubus disappears in a puff of smoke!
The river rat bites you.
* * * LOW HITPOINT WARNING * * *
Eustachio gestures wildly while chanting.
Eustachio blinks!
Okay, then.
Okay, then.
It was a potion of enlightenment.
You feel very buoyant.
You fly up into the air.
The river rat bites you!
You die...

. . ..... ..... ...
##.#.# ... ...#.# ...
##.#.#########.# # #
...#...........# ###.#..
#..#.....@.....# .......
...#.........§.##.......
.............§rrh.......
.#.#..........5##.......
##.#...........# .......
#.#...#####.#.# #######
#.###..## #.#...
#.####..###.###...
.............# ...#
##.########.####...#
#...................


You could see a river rat (summoned), an ufetubus (summoned) and a quokka
(summoned).

Vanquished Creatures
  Menkaure (D:5)
  A phantom (D:4)
  2 kobold brigands (D:4)
  A jelly (D:5)
  A sleepcap (D:5)
  A hound (D:5)
  2 iguanas
  An orc wizard (D:4)
  4 gnolls
  5 adders
  An ufetubus (D:5)
  A worm (D:4)
  2 orcs (D:4)
  4 bats
  13 endoplasms
  4 giant cockroaches
  9 goblins
  13 hobgoblins
  7 jackals
  3 quokkas
  7 ball pythons
  3 frilled lizards
  12 kobolds
  7 rats
105 creatures vanquished.

Notes
Turn   | Place    | Note
-------+----------+-------------------------------------------
     0 | D:1      | MacCMillion the Ogre Shapeshifter began the quest for the
                  | Orb.
     0 | D:1      | Reached XP level 1. HP: 22/22 MP: 1/1
   333 | D:1      | Reached skill level 3 in Fighting
   356 | D:1      | Reached XP level 2. HP: 28/31 MP: 2/2
   641 | D:1      | Reached XP level 3. HP: 39/39 MP: 3/3
   987 | D:1      | Found a faded altar of an unknown god.
  1116 | D:1      | Reached skill level 4 in Fighting
  1607 | D:2      | Reached XP level 4. HP: 46/49 MP: 4/4
  2223 | D:3      | Noticed Ijyb
  2284 | D:3      | Found a blossoming altar of Fedhas.
  2848 | D:3      | Reached skill level 5 in Fighting
  2855 | D:3      | Reached XP level 5. HP: 24/57 MP: 5/5
  3180 | D:3      | Found a stormy altar of Qazlal.
  3530 | D:4      | Noticed a phantom
  3550 | D:4      | Killed a phantom
  3551 | D:4      | Reached skill level 6 in Fighting
  3551 | D:4      | Reached XP level 6. HP: 42/67 MP: 6/6
  3946 | D:4      | Found a shimmering blue altar of Sif Muna.
  4072 | D:4      | Found a burning altar of Makhleb.
  4102 | D:4      | Found a glowing silver altar of Zin.
  4312 | D:4      | Found the +7 Throatcutter {drain, coup de grace}
  4345 | D:4      | Reached skill level 7 in Fighting
  4345 | D:4      | Reached XP level 7. HP: 37/78 MP: 7/7
  4601 | D:5      | Entered Level 5 of the Dungeon
  4741 | D:5      | Noticed Menkaure
  4749 | D:5      | Killed Menkaure
  4750 | D:5      | Reached skill level 5 in Unarmed Combat
  4924 | D:5      | Noticed Eustachio
  4948 | D:5      | Slain by a river rat

Illustrated notes

Levels and vault maps discovered:
D:1:      dpeg_arrival_water_fire, layout_loops_ring,
          shapermc_ecumenical_altar_acropolis
D:2:      layout_basic
D:3:      layout_basic, grunt_temple_overflow_forces_of_nature, uniq_ijyb
D:4:      layout_rooms, zin_academy, kennysheep_orc_sif_temple,
          marbit_many_paths, minmay_misc_feat_columns,
          dilly_guarded_unrand_throatcut
D:5:      layout_basic, uniq_eustachio, uniq_grinder, uniq_menkaure,
          uniq_duvessa

Skill      XL: |  1  2  3  4  5  6  7 |
---------------+----------------------+-----
Fighting       | 3 4 5 6 7 |  7.9
Unarmed Combat | 2 3 4 5 |  5.4
Dodging        | |  1.7
Shapeshifting  | |  3.0

Action                     |  1- 3 |  4- 6 |  7- 9 || total
---------------------------+-------+-------+-------++-------
  Melee: Unarmed           |   130 |   205 |    42 ||   377
         Punch             |     2 |     4 |     1 ||     7
    Use: Scroll            |       |       |     1 ||     1
         Potion            |       |       |     1 ||     1
 Armour: Animal skin       |    44 |    42 |    10 ||    96
  Dodge: Dodged            |    41 |    72 |    23 ||   136

Table legend: (Time is in decaauts)
 A = Elapsed time spent in this place.
 B = Non-inter-level travel time spent in this place.
 C = Inter-level travel time spent in this place.
 D = Time resting spent in this place.
 E = Time spent auto-exploring this place.
 F = Levels seen in this place.
 G = Mean time per level.
                   A        B        C        D        E       F      G
               +--------+--------+--------+--------+--------+-----+--------+
         Total |   4923 |   4705 |    218 |   1357 |   2397 |   5 |  984.6 |
       Dungeon |   4923 |   4705 |    218 |   1357 |   2397 |   5 |  984.6 |
               +--------+--------+--------+--------+--------+-----+--------+

Top non-repeatable levels by time:
     D:1: 1300 daAuts
     D:2: 1127 daAuts
     D:4: 1097 daAuts
     D:3: 1054 daAuts
     D:5: 343 daAuts
